 Dungeon Crawl Stone Soup version 0.20-a0-1006-ge6c5631 (webtiles) character file.

387 Denreik the Slasher (level 7, -2/57 HPs)
             Began as a Formicid Chaos Knight on Apr 14, 2017.
             Slain by a fire bat (8 damage)
             ... on level 5 of the Dungeon.
             The game lasted 00:08:35 (1805 turns).

Denreik the Slasher (Formicid Chaos Knight)         Turns: 1805, Time: 00:08:36

Health: -2/57      AC: 12    Str: 19    XL:     7   Next: 6%
Magic:  7/7        EV:  5    Int: 11    God:    Xom [*.....]
Gold:   97         SH:  0    Dex: 10    Spells: 6/6 levels left

rFire    . . .     SeeInvis +   a - +0 falchion (chaos)
rCold    . . .     Gourm    .   (no shield)
rNeg     . . .     Faith    .   g - +0 plate armour
rPois    .         Spirit   .   (helmet unavailable)
rElec    .         Reflect  .   (no cloak)
rCorr    .         Harm     .   (no gloves)
MR       .....                  (no boots)
Stlth    ..........             (no amulet)
Regen    0.2/turn               w - +1 ring of protection
MPRegen  0.1/turn               (no ring)

@: cleaving
A: permanent stasis, dig shafts and tunnels, four strong arms, antennae 3,
rugged brown scales 1, screaming 1, no potion heal 1
a: Dig, Shaft Self, Renounce Religion


You were on level 5 of the Dungeon.
You worshipped Xom.
You were a special plaything of Xom.
You were hungry.

You visited 1 branch of the dungeon, and saw 4 of its levels.

You collected 97 gold pieces.

Inventory:

Hand Weapons
 a - a +0 falchion of chaos (weapon)
 e - a +0 shortbow
 n - a +2 dagger of venom
 r - a +0 long sword
Missiles
 k - 24 arrows
 l - 3 tomahawks of returning (quivered)
 s - 43 sling bullets
Armour
 b - a +2 leather armour
 g - a +0 plate armour (worn)
Jewellery
 w - a +1 ring of protection (left hand)
Scrolls
 d - 2 scrolls of teleportation
 f - 2 scrolls of remove curse
 i - 2 scrolls of recharging
 m - a scroll of magic mapping {unknown}
 p - 2 scrolls of identify {unknown}
 x - a scroll of blinking {unknown}
Potions
 h - a potion of heal wounds
 q - a potion of flight {unknown}
 u - a potion of magic {unknown}
 v - a potion of might {unknown}
Comestibles
 c - 2 bread rations
 t - a meat ration
 z - 3 chunks of flesh


   Skills:
 - Level 5.1 Fighting
 * Level 6.4 Long Blades
 - Level 2.1 Armour
 - Level 0.8 Dodging


You had 6 spell levels left.
You didn't know any spells.

Dungeon Overview and Level Annotations

Branches:
Dungeon (3/15)             Temple (0/1) D:5

Altars:
Nemelex Xobeh
Xom
Yredelemnul

Shops:
D:5 (


Innate Abilities, Weirdness & Mutations

You cannot be hasted, slowed, berserked, paralysed or teleported.
You can dig through walls and to a lower floor.
Your four strong arms can wield two-handed weapons with a shield.
You have a pair of large antennae on your head. (SInv)
You are partially covered in rugged brown scales. (AC +1, +3% HP)
You occasionally shout uncontrollably at your foes.
Potions are less effective at restoring your health.


Message History

The fire bat is moderately wounded.
It was a potion of curing.
You feel better.
The fire bat bites you but does no damage.
It was a potion of mutation.
You feel extremely strange.
Your system partially rejects the healing effects of potions.
You feel the urge to shout.
Rugged brown scales grow over part of your body.
The fire bat bites you but does no damage.
You are too injured to fight recklessly!
You are too injured to fight recklessly!
You are too injured to fight recklessly! "Go forth and destroy!"
Your +0 falchion of chaos looks sharp.
The fire bat bites you.
You are engulfed in flames!
* * * LOW HITPOINT WARNING * * *
The fire bat bites you.
* * * LOW HITPOINT WARNING * * *
You are engulfed in flames!
You die...
Xom roars with laughter!

###. ,, ,* #** # ,, * .
,,,#. *** ....,#.####
....,#)...##
.(...###...## #
.....##.##.(### ..#
#....#.#.>....#####.....
##...#...####...@.......
≈##..#.### #.###b......
≈≈##.#.# #.# ...(...
≈≈≈###.## #.. #......
.≈≈≈##..### ### ......
##≈≈≈#....# ,..$...
.##≈≈≈.#...# .....
####≈≈≈#....# .....
.####≈≈###..#


You could see a fire bat.

Vanquished Creatures
  A centaur (D:5)
  2 crimson imps (D:5)
  2 hounds (D:5)
  2 orc wizards (D:5)
  A river rat (D:5)
  3 adders
  A gnoll (D:3)
  2 shadow imps (D:5)
  An adder skeleton (D:5)
  A dart slug (D:1)
  4 leopard geckos
  3 orcs (D:5)
  A giant cockroach (D:5)
  4 goblins
  4 hobgoblins (D:1)
  5 jackals
  2 quokkas
  4 bats
  4 frilled lizards
  7 kobolds
  4 rats (D:1)
58 creatures vanquished.

Vanquished Creatures (collateral kills)
  2 gnolls (D:3)
2 creatures vanquished.

Vanquished Creatures (others)
  A bat (D:3)
1 creature vanquished.

Grand Total: 61 creatures vanquished

Notes
Turn   | Place    | Note
-------+----------+-------------------------------------------
     0 | D:1      | Denreik the Formicid Chaos Knight began the quest for the Orb.
     0 | D:1      | Reached XP level 1. HP: 18/18 MP: 1/1
   130 | D:1      | Reached XP level 2. HP: 25/25 MP: 2/2
   296 | D:1      | Reached XP level 3. HP: 30/31 MP: 3/3
   446 | D:1      | XOM: harmless Chrm miscast
   578 | D:1      | You fall through a shaft!
   581 | D:2      | Found a basalt altar of Yredelemnul.
   621 | D:2      | XOM: noise
   630 | D:2      | Found a faded altar of an unknown god.
   636 | D:2      | Reached skill level 5 in Fighting
   636 | D:2      | Reached XP level 4. HP: 36/39 MP: 4/4
   648 | D:2      | XOM: potion effect (invisibility)
   669 | D:2      | XOM: harmless Tmut miscast
   670 | D:2      | You fall through a shaft!
   746 | D:3      | Found a sparkling altar of Nemelex Xobeh.
   994 | D:3      | XOM: medium Ice miscast
  1003 | D:3      | XOM: cast spell 'Summon Ice Beast'
  1131 | D:3      | You fall through a shaft for 2 floors!
  1131 | D:5      | Entered Level 5 of the Dungeon
  1135 | D:5      | XOM: divination: detect creatures
  1142 | D:5      | Reached skill level 4 in Long Blades
  1142 | D:5      | Reached XP level 5. HP: 42/44 MP: 5/5
  1145 | D:5      | Found a staircase to the Ecumenical Temple.
  1189 | D:5      | Found Bakar's Antique Weapon Shop.
  1203 | D:5      | Noticed a centaur
  1207 | D:5      | XOM: enchant monster (good)
  1209 | D:5      | XOM: divination: magic mapping
  1232 | D:5      | Killed a centaur
  1232 | D:5      | Reached skill level 5 in Long Blades
  1232 | D:5      | Reached XP level 6. HP: 43/51 MP: 6/6
  1321 | D:5      | XOM: scenery: create altars
  1704 | D:5      | Reached skill level 6 in Long Blades
  1781 | D:5      | XOM: polymorph orc -> river rat
  1787 | D:5      | XOM: silly message
  1790 | D:5      | XOM: fake destruction
  1792 | D:5      | Noticed a swamp drake
  1792 | D:5      | an orc priest changed into a swamp drake
  1792 | D:5      | XOM: polymorph orc priest -> swamp drake
  1793 | D:5      | Noticed a fire bat
  1793 | D:5      | a swamp drake changed into a fire bat
  1798 | D:5      | Reached XP level 7. HP: 28/56 MP: 7/7
  1803 | D:5      | Gained mutation: Potions are less effective at restoring your health. [potion of mutation]
  1803 | D:5      | Gained mutation: You occasionally shout uncontrollably at your foes. [potion of mutation]
  1803 | D:5      | Gained mutation: You are partially covered in rugged brown scales. (AC +1, +3% HP) [potion of mutation]
  1804 | D:5      | XOM: cleaving
  1805 | D:5      | Slain by a fire bat

Vault maps used:
D:1:      dpeg_arrival_windows_large_door, serial_forest,
          infiniplex_forest_3_way, infiniplex_forest_clump_small,
          infiniplex_forest_clump_long, infiniplex_forest_straight_1,
          infiniplex_forest_straight_5, infiniplex_forest_end_2,
          infiniplex_forest_zigzag_1, infiniplex_forest_lined_4_way
D:2:      lemuel_round_altar, nicolae_overflow_crystal_walls,
          chequers_ecumenical_altar_island, grunt_decor_cap
D:3:      overflow_temple_1_default, overflow_temple_1_default, first_bread,
          okawaru_altar_gauntlet_db
D:5:      minmay_temple_entry_nine_rooms, serial_shops, shop,
          kennysheep_opposing_triangles

Skill      XL: |  1  2  3  4  5  6 |
---------------+-------------------+-----
Fighting       | 4 5 |  5.1
Long Blades    | 4 5 6 |  6.4
Armour         | |  2.1
Dodging        | |  0.8

Action                   |  1- 3 |  4- 6 |  7- 9 || total
-------------------------+-------+-------+-------++-------
Melee: Falchion          |    81 |   132 |     2 ||   215
 Abil: Shaft Self        |     1 |     2 |       ||     3
       Dig               |       |     4 |       ||     4
  Use: Scroll            |       |     3 |       ||     3
       Potion            |       |     4 |     2 ||     6
 Stab: Paralysed         |     3 |       |       ||     3
       Confused          |     1 |       |       ||     1
       Invisible         |       |     2 |       ||     2
  Eat: Chunk             |       |     4 |       ||     4
Armor: Plate armour      |    63 |    91 |     4 ||   158
       Skin              |       |    17 |       ||    17
Dodge: Dodged            |    28 |    54 |     2 ||    84
       Rpst.: Falchion   |    11 |     9 |     1 ||    21
